 Dungeon Crawl Stone Soup version 0.23.2-32-g37ab1d4649 (webtiles) character file.

Game seed: 11314051286225612992

102973 Morti the Brawler (level 15, -5/156 HPs)
             Began as a Troll Arcane Marksman on Feb 21, 2019.
             Was the Champion of Makhleb.
             Slain by a wolf spider (8 damage)
             ... on level 1 of the Spider Nest on June 25, 2019.
             The game lasted 03:16:38 (26354 turns).

Morti the Brawler (Troll Arcane Marksman)          Turns: 26354, Time: 03:16:38

Health: -5/156     AC: 22    Str: 22      XL:     15   Next: 87%
Magic:  0/21       EV:  5    Int: 12 (13) God:    Makhleb [******]
Gold:   2437       SH:  0    Dex: 11      Spells: 14/16 levels left

rFire    x . .     SeeInvis .     - Unarmed
rCold    + + .     Gourm    +   (no shield)
rNeg     . . .     Faith    .   T - +0 ice dragon scales
rPois    +         Spirit   .   (helmet restricted)
rElec    .         Reflect  +   j - +1 cloak
rCorr    .         Harm     .   (gloves unavailable)
MR       +....                  (boots unavailable)
Stlth    ..........             W - +3 amulet of reflection
HPRegen  0.76/turn              C - +4 ring of protection
MPRegen  0.17/turn              Q - ring of poison resistance

@: held
A: large, unfitting armour, claws 3, fast metabolism 3, gourmand, regeneration
1, shaggy fur 1, tough skin 3
a: Minor Destruction, Lesser Servant of Makhleb, Major Destruction, Greater
Servant of Makhleb, Renounce Religion


You were on level 1 of the Spider Nest.
You worshipped Makhleb.
Makhleb was exalted by your worship.
You were not hungry.

You visited 5 branches of the dungeon, and saw 25 of its levels.
You also visited: Sewer, Gauntlet and Volcano.

You collected 2487 gold pieces.
You spent 50 gold pieces at shops.

Inventory:

Hand Weapons
 K - a +4 scimitar of flaming
   (You took it off an efreet in a volcano)
 S - a +0 blowgun
   (You took it off a kobold in a sewer)
Missiles
 k - 561 stones
 w - 90 poisoned needles
 I - 4 throwing nets {!f}
 M - 21 javelins
 Z - 27 large rocks (quivered)
Armour
 j - a +1 cloak (worn)
   (You found it on level 2 of the Dungeon)
 F - a +2 robe of magic resistance
   (You took it off a wight on level 5 of the Dungeon)
 R - +1 acid dragon scales
   (You took it off a minotaur in a Gauntlet)
 T - +0 ice dragon scales (worn)
   (You found it on level 15 of the Dungeon)
Magical Staves
 Y - an uncursed staff of wizardry {!a}
   (You found it in a Gauntlet)
Jewellery
 g - an uncursed ring of protection from fire
   (You took it off a minotaur in a Gauntlet)
 i - an uncursed ring of protection from fire
   (You found it on level 1 of the Dungeon)
 o - an uncursed ring of protection from cold
   (You found it on level 13 of the Dungeon)
 p - an uncursed ring of wizardry
   (You found it on level 10 of the Dungeon)
 C - a +4 ring of protection (left claw)
   (You found it on level 5 of the Dungeon)
 Q - a ring of poison resistance (right claw)
   (You found it on level 6 of the Lair of Beasts)
 U - the ring "Ahoj" {rElec Str+2 Dex+2}
   (You found it in a Gauntlet)

   [ring of strength]

   It affects your strength (+2).
   It affects your dexterity (+2).
   It insulates you from electricity.
 W - a +3 amulet of reflection (around neck)
   (You found it in a Gauntlet)
Wands
 c - a wand of disintegration (9)
   (You found it on level 6 of the Lair of Beasts)
 d - a wand of iceblast (4)
   (You found it on level 2 of the Lair of Beasts)
 t - a wand of flame (44)
   (You found it on level 3 of the Dungeon)
 u - a wand of paralysis (11)
   (You found it on level 6 of the Lair of Beasts)
 v - a wand of digging (10)
   (You found it on level 10 of the Dungeon)
 x - a wand of acid (24)
   (You found it in a volcano)
Scrolls
 l - 6 scrolls of teleportation {@r4}
 m - 6 scrolls of fear
 q - 7 scrolls of fog
 s - 19 scrolls of remove curse {@r2}
 y - 2 scrolls of noise {!r}
 B - 3 scrolls of enchant armour
 H - 4 scrolls of enchant weapon
 P - a scroll of magic mapping
 V - a scroll of identify {@r1}
Potions
 a - 2 potions of berserk rage
 b - a potion of haste {@q3}
 f - 7 potions of brilliance
 n - 12 potions of curing {@q1}
 r - 3 potions of flight
 z - 4 potions of lignification {!q}
 D - 3 potions of magic
 E - 2 potions of agility
 G - 3 potions of mutation {!q}
 L - 3 potions of might
 N - 4 potions of resistance
 O - a potion of cancellation
Miscellaneous
 J - a sack of spiders
Comestibles
 e - 48 rations {!d}


   Skills:
 + Level 11.9 Fighting
 - Level 6.0 Throwing
 + Level 7.4 Armour
 - Level 6.0 Dodging
 * Level 18.0 Unarmed Combat
 - Level 1.0 Spellcasting
 - Level 2.0 Hexes
 - Level 10.0 Invocations


You had 14 spell levels left.
You knew the following spells:

 Your Spells              Type           Power        Failure   Level  Hunger
a - Corona                Hex            #......      36%         1    ##.....
b - Confusing Touch       Hex            #.....       36%         1    ##.....

Your spell library contained the following spells:

 Spells                   Type           Power        Failure   Level  Hunger
 Slow                     Hex            #.......     50%         2    ###....
 Animate Skeleton         Necr           N/A          63%         1    ##.....
 Infusion                 Chrm           #...         63%         1    ##.....
 Magic Dart               Conj           #...         63%         1    ##.....
 Pain                     Necr           #...         63%         1    ##.....
 Sandblast                Erth           #.....       63%         1    ##.....
 Shock                    Conj/Air       #...         63%         1    ##.....
 Summon Butterflies       Summ           #.......     63%         1    ##.....
 Summon Small Mammal      Summ           #...         63%         1    ##.....
 Ensorcelled Hibernation  Hex/Ice        #.....       63%         2    ###....
 Confuse                  Hex            #.......     73%         3    ####...
 Tukima's Dance           Hex            #.......     73%         3    ####...
 Blink                    Tloc           N/A          77%         2    ###....
 Call Imp                 Summ           #.......     77%         2    ###....
 Passwall                 Tmut/Erth      #.......     77%         2    ###....
 Shroud of Golubria       Chrm/Tloc      #.........   77%         2    ###....
 Song of Slaying          Chrm           #.......     77%         2    ###....
 Sublimation of Blood     Necr           #.........   77%         2    ###....
 Swiftness                Chrm/Air       #.......     77%         2    ###....
 Dazzling Spray           Conj/Hex       #.....       86%         3    ####...
 Inner Flame              Hex/Fire       #.......     86%         3    ####...
 Portal Projectile        Hex/Tloc       #.....       86%         3    ####...
 Spectral Weapon          Hex/Chrm       #.......     86%         3    ####...
 Summon Guardian Golem    Hex/Summ       #.......     86%         3    ####...
 Call Canine Familiar     Summ           #.......     94%         3    ####...
 Conjure Flame            Conj/Fire      #.......     94%         3    ####...
 Gell's Gravitas          Tloc           #.........   94%         3    ####...
 Ignite Poison            Fire/Tmut/Pois #.......     94%         3    ####...
 Mephitic Cloud           Conj/Pois/Air  #.......     94%         3    ####...
 Regeneration             Chrm/Necr      #.........   94%         3    ####...
 Static Discharge         Conj/Air       #.......     94%         3    ####...
 Stone Arrow              Conj/Erth      #.....       94%         3    ####...
 Teleport Other           Tloc           #.......     94%         3    ####...
 Vampiric Draining        Necr           #.........   94%         3    ####...
 Cause Fear               Hex            #.........   98%         4    #####..
 Leda's Liquefaction      Hex/Erth       #.........   99%         4    #####..
 Airstrike                Air            #.........   100%        4    #####..
 Animate Dead             Necr           N/A          100%        4    #####..
 Petrify                  Tmut/Erth      #.......     100%        4    #####..
 Summon Ice Beast         Ice/Summ       #.......     100%        4    #####..
 Summon Lightning Spire   Summ/Air       #.......     100%        4    #####..
 Alistair's Intoxication  Tmut/Pois      #.......     100%        5    ######.
 Irradiate                Conj/Tmut      #.........   100%        5    ######.
 Lee's Rapid Deconstruct  Erth           #.........   100%        5    ######.
 Lightning Bolt           Conj/Air       #.........   100%        5    ######.
 Metabolic Englaciation   Hex/Ice        #.........   100%        5    ######.
 Silence                  Hex/Air        #.........   100%        5    ######.
 Summon Mana Viper        Hex/Summ       #.......     100%        5    ######.
 Venom Bolt               Conj/Pois      #.........   100%        5    ######.
 Yara's Violent Unravell  Hex/Tmut       #.........   100%        5    ######.
 Hydra Form               Tmut           #.........   100%        6    #######
 Statue Form              Tmut/Erth      #........    100%        6    #######
 Dragon Form              Tmut           #.........   100%        7    #######
 Malign Gateway           Summ/Tloc      #.........   100%        7    #######
 Summon Hydra             Summ           #.........   100%        7    #######
 Controlled Blink         Tloc           N/A          100%        8    #######
 Disjunction              Tloc           #.........   100%        8    #######


Dungeon Overview and Level Annotations

Branches:
Dungeon (15/15)            Temple (1/1) D:4            Lair (6/6) D:10
 Shoals (0/4) Lair:4       Spider (1/4) Lair:2        Slime (0/5) Lair:6
    Orc (2/2) D:9             Elf (0/3) Orc:2        Vaults (0/5) D:13
 Depths (0/5) D:15

Altars:
Ashenzari
Cheibriados
Dithmenos
Elyvilon
Fedhas
Gozag
Hepliaklqana
Kikubaaqudgha
Makhleb
Nemelex Xobeh
Qazlal
Sif Muna
Trog
Uskayaw
Vehumet
Wu Jian
Xom
Yredelemnul
Zin
The Shining One
Beogh
Jiyva

Shops:
D:4 **}=   D:9 [   D:10 %   D:12 [   D:15 [   Orc:2 [:((

Portals:
Trove: D:10 (give 7 potions of haste)

Annotations:
D:13 exclusion: ice statue
Lair:4 exclusion: 2 oklob plants
Orc:1 3 runed translucent doors, Dometo's ghost, journeyman TrMo


Innate Abilities, Weirdness & Mutations

You are too large for most types of armour.
You have claws for hands.
Your metabolism is lightning-fast.
You like to eat raw meat.
Your natural rate of healing is unusually fast.
You are covered in fur. (AC +1)
You have extremely tough skin. (AC +3)


Message History

Your smoke demon hits the jumping spider but does no damage.
Your smoke demon closely misses the jumping spider.
Unknown command.
You struggle to detach yourself from the web.
The wolf spider barely misses you. The wolf spider bites you.
* * * LOW HITPOINT WARNING * * *
You are poisoned.
The wolf spider poisons you!
The jumping spider leaps!
You feel you are being watched by something.
You feel your power leaking away. Something hits you.
* * * LOW HITPOINT WARNING * * *
Something hits you.
* * * LOW HITPOINT WARNING * * *
Something stings you but does no damage.
The wolf spider hits you!
* * * LOW HITPOINT WARNING * * *
The wolf spider bites you.
* * * LOW HITPOINT WARNING * * *
The jumping spider leaps!
Something hits you but does no damage. Something hits you but does no damage.
Something stings you but does no damage.
You feel better.
The wolf spider hits you but does no damage.
The wolf spider barely misses you. Something hits you.
* * * LOW HITPOINT WARNING * * *
Something hits you!
* * * LOW HITPOINT WARNING * * *
Something stings you but does no damage.
Unknown command.
Unknown command.
Unknown command.
Unknown command.
As you read the scroll of fear, it crumbles to dust.
You assume a fearsome visage.
The orb spider looks frightened!
Your smoke demon is unaffected.
The jumping spider looks frightened!
The wolf spider resists with some effort.
The jumping spider looks frightened!
The wolf spider hits you but does no damage.
The wolf spider bites you but does no damage.
The jumping spider leaps! x2
You feel you are being watched by something.
Something hits you but does no damage. Something hits you but does no damage.
Something stings you but does no damage.
The wolf spider hits you!
You die...

#..########...##
#..#...##.##.##
#..#.......###
#..^.......#.##
###...##...#..#
#.#..##....^..#
#....#....#.^##
#.†.###.†.####
#..## #.3@# #..#
#..{s○.# #..#
##......# #...
#####s.... #...
...## #... ..○.
... ###


You could see a wolf spider, a jumping spider (fleeing) and a friendly smoke
demon.

Vanquished Creatures
  An orc warlord (Orc:1)
  An ironheart preserver (D:13)
  6 dire elephants (Lair:6)
  A minotaur (Gauntlet)
  2 ice dragons (D:15)
  9 hydras
  7 centaur warriors
  21 two-headed ogres
  An anaconda (Lair:6)
  3 ogre magi
  2 tengu warriors
  Urug (Lair:6)
  An orc high priest (Orc:2)
  3 death yaks (Lair:6)
  2 fire crabs (Lair:5)
  A death drake (Gauntlet)
  A sixfirhy (Gauntlet)
  An unseen horror (D:14)
  8 skeletal warriors
  An orc knight (Orc:2)
  3 wizards
  11 ugly things
  An orb spider (Spider:1)
  4 deep elf magi
  2 oklob plants (Lair:4)
  3 wolf spiders (Spider:1)
  4 cyclopes
  2 manticores
  A moth of wrath (Spider:1)
  4 elephants (Lair:6)
  A merfolk siren (Lair:4)
  6 gargoyles
  A black mamba (Lair:6)
  7 spiny frogs
  A redback zombie (Gauntlet)
  2 rime drakes
  2 kobold demonologists (D:15)
  7 komodo dragons
  A yaktaur (shapeshifter) (D:15)
  2 efreet
  2 centaur skeletons
  A tengu conjurer (D:15)
  A demonic crawler (Spider:1)
  A hornet (D:6)
  6 jumping spiders
  3 trolls
  7 slime creatures (D:12)
  A meliai zombie (D:11)
  A blink frog (shapeshifter) (D:15)
  9 hippogriffs
  5 blink frogs (Lair:4)
  10 yaks
  3 wyverns
  3 redbacks (Spider:1)
  A tarantella (Spider:1)
  A wraith (D:14)
  4 basilisks
  A hungry ghost (D:14)
  A harpy simulacrum (D:14)
  4 wargs
  An acid dragon (D:14)
  4 porcupines
  5 water moccasins
  3 black bears
  6 ice beasts
  A hornet zombie (D:14)
  27 orc warriors
  5 sky beasts
  2 eyes of draining
  2 necrophages
  4 phantoms
  23 ogres
  9 wolves
  8 centaurs
  5 big kobolds
  13 crocodiles
  14 bullfrogs
  A gnoll sergeant (D:8)
  4 scorpions
  21 killer bees
  8 wights
  10 crimson imps
  2 centaur zombies
  4 howler monkeys
  4 bullfrog zombies
  A quasit (D:7)
  A gnoll shaman (D:5)
  6 jellies
  5 bullfrog skeletons
  4 hounds
  12 orc priests
  7 iguanas
  22 orc wizards
  13 worker ants
  A hound zombie (D:9)
  3 hound skeletons
  4 worker ant zombies
  2 howler monkey skeletons
  20 gnolls
  10 adders
  3 ufetubi (Gauntlet)
  2 oozes
  2 adder zombies
  An adder skeleton (D:5)
  4 worms
  9 leopard geckos
  88 orcs
  4 ball pythons
  18 bats
  8 giant cockroaches
  12 goblins
  6 hobgoblins
  7 jackals
  24 kobolds
  4 quokkas
  2 frilled lizards
  A giant cockroach zombie (D:4)
  A jackal skeleton (D:5)
  A jackal zombie (D:4)
  A leopard gecko skeleton (D:7)
  2 leopard gecko zombies
  A quokka skeleton (D:5)
  3 quokka zombies (D:4)
  14 rats
  2 butterflies
  3 plants
723 creatures vanquished.

Vanquished Creatures (collateral kills)
  Nessos (Lair:4)
  A fire dragon (Lair:1)
  Snorg (Lair:6)
  4 hydras
  2 two-headed ogres
  2 ogre magi (Orc:2)
  A death yak (Lair:2)
  An ugly thing (D:11)
  A komodo dragon (Lair:3)
  A queen bee (Lair:3)
  4 blink frogs (Lair:3)
  A raiju (Gauntlet)
  A hippogriff (Lair:3)
  3 yaks (Lair:6)
  A steam dragon (Gauntlet)
  A water moccasin (Lair:6)
  3 ogres (Orc:2)
  A centaur (D:10)
  9 killer bees (Lair:3)
  A fungus (Lair:3)
40 creatures vanquished.

Vanquished Creatures (others)
  3 fungi (Lair:6)
  8 plants
11 creatures vanquished.

Grand Total: 774 creatures vanquished

Notes
Turn   | Place    | Note
-------+----------+-------------------------------------------
     0 | D:1      | Morti the Troll Arcane Marksman began the quest for the
                  | Orb.
     0 | D:1      | Reached XP level 1. HP: 18/18 MP: 1/1
     6 | D:1      | Noticed a water moccasin
     6 | D:1      | Noticed a redback
     6 | D:1      | Noticed a black bear
     6 | D:1      | Noticed a swamp worm
    89 | D:1      | Reached skill level 1 in Fighting
    93 | D:1      | Reached skill level 1 in Unarmed Combat
    94 | D:1      | Reached XP level 2. HP: 27/27 MP: 2/2
   560 | D:1      | Reached XP level 3. HP: 33/33 MP: 3/3
   773 | D:1      | Reached skill level 2 in Unarmed Combat
   962 | D:2      | Noticed a moth of wrath
   964 | D:2      | Found a bloodstained altar of Trog.
  1783 | D:3      | Reached XP level 4. HP: 41/41 MP: 4/4
  1787 | D:3      | Found a basalt altar of Yredelemnul.
  1853 | D:3      | Found an opulent altar of Gozag.
  1900 | D:3      | Found a glowing drain.
  1917 | Sewer    | Entered a sewer
  1942 | Sewer    | Noticed a big kobold
  1965 | Sewer    | Killed a big kobold
  1965 | Sewer    | Reached skill level 3 in Unarmed Combat
  1965 | Sewer    | Reached XP level 5. HP: 21/49 MP: 5/5
  2082 | Sewer    | Reached skill level 4 in Unarmed Combat
  2097 | Sewer    | Reached XP level 6. HP: 18/59 MP: 6/6
  3254 | D:4      | Found Kentor's General Store.
  3272 | D:4      | Bought a potion of heal wounds for 50 gold pieces
  3328 | D:4      | Found Xeron's Jewellery Shop.
  3460 | D:4      | Found Byzosha Qant's Gadget Shop.
  3489 | D:4      | Reached skill level 5 in Unarmed Combat
  3491 | D:4      | Found a glowing golden altar of the Shining One.
  3491 | D:4      | Found a snail-covered altar of Cheibriados.
  3494 | D:4      | Found an ancient bone altar of Kikubaaqudgha.
  3509 | D:4      | Reached XP level 7. HP: 67/67 MP: 7/7
  3651 | D:4      | Found a staircase to the Ecumenical Temple.
  3664 | Temple   | Entered the Ecumenical Temple
  3816 | Temple   | Became a worshipper of Makhleb the Destroyer
  3954 | D:4      | Found Zabbuaq's General Store.
  4325 | D:5      | Entered Level 5 of the Dungeon
  4626 | D:5      | Reached skill level 6 in Unarmed Combat
  4626 | D:5      | Reached XP level 8. HP: 68/78 MP: 8/8
  4648 | D:5      | Reached * piety under Makhleb
  5063 | D:5      | Found a shimmering altar of Xom.
  5066 | D:5      | Reached skill level 1 in Invocations
  5122 | D:6      | Reached skill level 5 in Dodging
  5307 | D:6      | Reached skill level 5 in Fighting
  5307 | D:6      | Reached skill level 7 in Unarmed Combat
  5367 | D:6      | Reached XP level 9. HP: 61/88 MP: 9/9
  5395 | D:5      | Upgraded the game from 0.23.0-3-gf3c87f2df8 to
                  | 0.23.2-1-ga50397a6bc
  5422 | D:5      | Reached ** piety under Makhleb
  5842 | D:6      | Reached skill level 8 in Unarmed Combat
  6436 | D:7      | Found a snail-covered altar of Cheibriados.
  6497 | D:7      | Reached *** piety under Makhleb
  6564 | D:7      | Reached skill level 9 in Unarmed Combat
  6810 | D:8      | Reached XP level 10. HP: 98/98 MP: 11/11
  6841 | D:8      | Noticed a centaur warrior
  6854 | D:8      | Killed a centaur warrior
  7678 | D:9      | Reached skill level 10 in Unarmed Combat
  7764 | D:9      | Found Rissapraxt's Antique Armour Shoppe.
  7880 | D:10     | Entered Level 10 of the Dungeon
  8019 | D:10     | Reached **** piety under Makhleb
  8019 | D:10     | Reached skill level 5 in Throwing
  8263 | D:9      | Found a staircase to the Orcish Mines.
  8539 | D:10     | Noticed a two-headed ogre
  8551 | D:10     | Killed a two-headed ogre
  8653 | D:10     | Reached skill level 11 in Unarmed Combat
  8653 | D:10     | Reached XP level 11. HP: 109/109 MP: 12/12
  8682 | D:10     | Learned a level 1 spell: Confusing Touch
  8718 | D:10     | Noticed a two-headed ogre
  8737 | D:10     | Killed a two-headed ogre
  8891 | D:10     | Found a staircase to the Lair.
  9042 | D:10     | Found Mackiug's Food Boutique.
  9232 | D:10     | Noticed a six-headed hydra
  9249 | D:10     | Killed a six-headed hydra
  9642 | D:10     | Noticed a centaur warrior
  9657 | D:10     | Killed a centaur warrior
  9776 | D:10     | Found a portal to a secret trove of treasure.
  9905 | Lair:1   | Entered Level 1 of the Lair of Beasts
 10179 | Lair:1   | Found a hide-covered altar of Uskayaw.
 10215 | Lair:1   | Noticed a fire dragon
 10560 | Lair:1   | Killed a fire dragon
 10834 | Lair:2   | Reached skill level 12 in Unarmed Combat
 10847 | Lair:2   | Found a dark tunnel.
 10856 | Volcano  | Entered a volcano
 11170 | Lair:2   | Found a hole to the Spider Nest.
 11313 | Lair:2   | Noticed a five-headed hydra
 11317 | Lair:2   | Killed a five-headed hydra
 11332 | Lair:2   | Noticed a four-headed hydra
 11332 | Lair:2   | Noticed a death yak
 11335 | Lair:2   | Killed a four-headed hydra
 11336 | Lair:2   | Noticed a five-headed hydra
 11351 | Lair:2   | Killed a death yak
 11351 | Lair:2   | Reached skill level 5 in Invocations
 11351 | Lair:2   | Reached XP level 12. HP: 37/122 MP: 14/14
 11618 | Lair:2   | Killed a five-headed hydra
 11980 | Lair:2   | Noticed a five-headed hydra
 11984 | Lair:2   | Killed a five-headed hydra
 11984 | Lair:2   | Reached skill level 13 in Unarmed Combat
 12463 | Lair:3   | Noticed a six-headed hydra
 12486 | Lair:3   | Noticed a five-headed hydra
 12495 | Lair:3   | Killed a seven-headed hydra
 12739 | Lair:3   | Killed a six-headed hydra
 13482 | Lair:4   | Noticed a four-headed hydra
 13487 | Lair:4   | Killed a four-headed hydra
 13559 | Lair:4   | Reached skill level 14 in Unarmed Combat
 13633 | Lair:4   | Found a gate leading to a gauntlet.
 13652 | Gauntlet | Entered a Gauntlet
 13652 | Gauntlet | Found a transporter.
 13652 | Gauntlet | Found a transporter.
 13652 | Gauntlet | Found a transporter.
 13652 | Gauntlet | Found a runed translucent gate.
 13654 | Gauntlet | Found a runed translucent gate.
 13655 | Gauntlet | Found a runed translucent gate.
 13662 | Gauntlet | Found a transporter.
 13665 | Gauntlet | Found a transporter.
 13676 | Gauntlet | Found a transporter.
 13676 | Gauntlet | Found a transporter.
 13685 | Gauntlet | Found a transporter.
 13702 | Gauntlet | Found a transporter.
 13710 | Gauntlet | Found a transporter.
 13711 | Gauntlet | Found a transporter.
 13721 | Gauntlet | Found a transporter.
 13861 | Gauntlet | Got an ancient lapis lazuli ring
 13866 | Gauntlet | Identified the ring "Ahoj" {rElec Str+2 Dex+2} (You found
                  | it in a Gauntlet)
 14096 | Gauntlet | Got a faintly glowing bone ring
 14103 | Gauntlet | Identified the ring "Xifoyggo" {MP+9 Str+4} (You found it
                  | in a Gauntlet)
 14111 | Gauntlet | Noticed a minotaur
 14127 | Gauntlet | Killed a minotaur
 14200 | Gauntlet | Identified the Disquisition on Dislocation and Envenoming
 14276 | Lair:4   | Reached XP level 13. HP: 130/130 MP: 17/17
 14283 | Lair:4   | Found a staircase to the Shoals.
 14524 | Lair:4   | Noticed Nessos
 14534 | Lair:4   | Killed Nessos
 14534 | Lair:4   | Reached skill level 1 in Armour
 16086 | Lair:6   | Entered Level 6 of the Lair of Beasts
 16086 | Lair:6   | Noticed Snorg
 16093 | Lair:6   | Killed Snorg
 16113 | Lair:6   | Reached skill level 15 in Unarmed Combat
 16310 | Lair:6   | Found a viscous altar of Jiyva.
 16311 | Lair:6   | Found a staircase to the Slime Pits.
 16435 | Lair:6   | Reached skill level 10 in Fighting
 16630 | Lair:6   | Noticed Urug
 16644 | Lair:6   | Killed Urug
 17105 | Lair:6   | Noticed a dire elephant
 17105 | Lair:6   | Noticed a dire elephant
 17167 | Lair:6   | Noticed a dire elephant
 17181 | Lair:6   | Killed a dire elephant
 17328 | Lair:6   | Noticed a dire elephant
 17336 | Lair:6   | Killed a dire elephant
 17375 | Lair:6   | Killed a dire elephant
 17377 | Lair:6   | Noticed a dire elephant
 17417 | Lair:6   | Killed a dire elephant
 17561 | Lair:6   | Got an encrusted quarterstaff
 17755 | Lair:6   | Killed a dire elephant
 17755 | Lair:6   | Reached XP level 14. HP: 113/143 MP: 19/19
 17855 | Lair:6   | Got a steaming rapier
 19160 | D:11     | Reached skill level 16 in Unarmed Combat
 19361 | D:12     | Found Umoaw's Armour Emporium.
 20183 | D:13     | Reached ***** piety under Makhleb
 20294 | D:13     | Found a gate to the Vaults.
 20294 | D:13     | Noticed an ironheart preserver
 20313 | D:13     | Killed an ironheart preserver
 20313 | D:13     | Reached skill level 5 in Armour
 20913 | D:13     | Identified the Incunabulum of Combed Thunderclap
 20920 | D:13     | Identified the Almanac of Dhcmrlchtdj
 20967 | D:13     | Identified Ts'ui Pên's Catalogue of Forking Paths
 20969 | D:13     | Upgraded the game from 0.23.2-1-ga50397a6bc to
                  | 0.23.2-30-g0e89c35649
 22432 | D:15     | Entered Level 15 of the Dungeon
 22739 | D:15     | Reached XP level 15. HP: 152/152 MP: 21/21
 22782 | D:15     | Found Ejiaxzumn's Armour Boutique.
 22829 | D:15     | Reached skill level 17 in Unarmed Combat
 23600 | D:15     | Reached skill level 10 in Invocations
 23602 | D:15     | Identified the +10 quarterstaff of Ogikeisha {crush, rPois
                  | rC- Dex+2} (You found it on level 6 of the Lair of Beasts)
 23682 | D:15     | Found a staircase to the Depths.
 24119 | Orc:1    | Entered Level 1 of the Orcish Mines
 24394 | Orc:1    | Found a runed translucent gate.
 24395 | Orc:1    | Found a runed translucent gate.
 24395 | Orc:1    | Noticed Dometo's ghost (journeyman TrMo)
 24396 | Orc:1    | Found a runed translucent gate.
 24410 | Orc:1    | Identified the ring of Zenunod {Fire *Corrode rPois Str-2
                  | Slay+4}
 24428 | Orc:1    | Noticed an orc warlord
 24436 | Orc:1    | Reached ****** piety under Makhleb
 24454 | Orc:1    | Found a roughly hewn altar of Beogh.
 24476 | Orc:1    | Killed an orc warlord
 24593 | Orc:1    | Found a roughly hewn altar of Beogh.
 24924 | Orc:2    | Entered Level 2 of the Orcish Mines
 25096 | Orc:2    | Found a staircase to the Elven Halls.
 25499 | Orc:2    | Found Karedeplim's Book Emporium.
 25569 | Orc:2    | Found Codaum's Weapon Shop.
 25570 | Orc:2    | Found Mew Esteb's Antique Armour Boutique.
 25570 | Orc:2    | Found Kaasar's Antique Weapon Emporium.
 25935 | Orc:2    | Upgraded the game from 0.23.2-30-g0e89c35649 to
                  | 0.23.2-32-g37ab1d4649
 26084 | Spider:1 | Entered Level 1 of the Spider Nest
 26138 | Spider:1 | Reached skill level 18 in Unarmed Combat
 26352 | Spider:1 | HP: 7/156 [wolf spider (10)]
 26353 | Spider:1 | HP: 2/156 [something (8)]
 26354 | Spider:1 | Slain by a wolf spider

Skill      XL: |  1  2  3  4  5  6  7  8  9 10 11 12 13 14 15 |
---------------+----------------------------------------------+-----
Fighting       | 1 2 3 4 5 6 7 8 9 10 11 | 11.9
Unarmed Combat | 1 2 3 4 5 6 7 9 11 12 14 15 16 18 | 18.0
Dodging        | 2 3 4 5 6 |  6.0
Invocations    | 2 5 7 8 9 10 | 10.0
Throwing       | 3 5 6 |  6.0
Armour         | 3 5 7 |  7.4
Spellcasting   | |  1.0
Hexes          | |  2.0

Action                   |  1- 3 |  4- 6 |  7- 9 | 10-12 | 13-15 || total
-------------------------+-------+-------+-------+-------+-------++-------
Melee: Unarmed           |   136 |   196 |   407 |   646 |  1159 ||  2544
       Punch             |     1 |     1 |    16 |    37 |   121 ||   176
       Scimitar          |       |       |       |       |     3 ||     3
Throw: Stone             |     3 |     1 |    21 |    46 |    15 ||    86
       Large rock        |       |       |       |    26 |    21 ||    47
       Javelin           |       |       |       |       |     3 ||     3
 Cast: Corona            |     1 |       |       |       |       ||     1
       Confusing Touch   |       |       |       |     2 |     1 ||     3
Invok: Minor Destruction |       |       |     1 |       |       ||     1
       Lesser Servant of |       |       |       |    15 |    18 ||    33
Evoke: Wand              |       |       |       |     3 |    18 ||    21
       Phantom mirror    |       |       |       |       |     1 ||     1
  Use: Scroll            |     9 |       |       |     9 |    17 ||    35
       Potion            |       |     2 |     1 |    10 |    13 ||    26
 Stab: Sleeping          |     1 |     2 |       |       |       ||     3
       Invisible         |       |       |       |     2 |       ||     2
       Distracted        |       |       |       |       |     3 ||     3
  Eat: Chunk             |    20 |    18 |    30 |    61 |   113 ||   242
       Ration            |       |       |       |     2 |       ||     2
Armor: Robe              |    50 |   102 |   167 |   239 |       ||   558
       Acid dragon scale |       |       |       |       |   355 ||   355
       Ice dragon scales |       |       |       |       |   240 ||   240
Dodge: Dodged            |    82 |    90 |   198 |   357 |   534 ||  1261
Block: Other             |       |       |       |       |    96 ||    96
       Reflection        |       |       |       |       |     3 ||     3
